 Dungeon Crawl Stone Soup version 0.31-a0-833-gc15d34cb79 (webtiles) character file.

Game seed: 13608236517972768906

900 mopl the Ruffian (level 8, -8/52 HPs)
             Began as an Octopode Shapeshifter on Sept 25, 2023.
             Mangled by an ogre
             ... wielding a +0 giant club
              (34 damage)
             ... on level 5 of the Dungeon.
             The game lasted 00:04:19 (2655 turns).

mopl the Ruffian (Octopode Shapeshifter)            Turns: 2655, Time: 00:04:19

Health: -8/52      AC:  1    Str: 14    XL:     8   Next: 7%
Magic:  8/8        EV: 14    Int: 12    God:
Gold:   48         SH:  0    Dex: 13    Spells: 7/7 levels left

rFire   . .          .
                       - Unarmed
rCold   . . .        (no shield)
rNeg    . . .        (helmet currently unavailable)
rPois   .            e - amulet of regeneration
rElec   .            (no ring)
rCorr   .            (no ring)
SInv    .            (no ring)
Will    .....        (no ring)
Stlth   ++           (no ring)
HPRegen 1.08/turn    (no ring)
MPRegen 0.11/turn    (no ring)
                     (no ring)

%: no passive effects
@: beast-form
A: beast (slay +3), almost no armour, amphibious, 8 rings, camouflage 1,
gelatinous body 1, (nimble swimmer 1), tentacles
a: Begin Untransformation


You were on level 5 of the Dungeon.
You were a hulking beast.
You visited 2 branches of the dungeon, and saw 6 of its levels.

You collected 204 gold pieces.
You spent 156 gold pieces at shops.

Inventory:

Hand Weapons
 j - a +2 long sword of flaming
Missiles
 r - 2 boomerangs
 y - 3 poisoned darts (quivered)
Jewellery
 e - an amulet of regeneration (around mantle)
 i - a ring of fire
 l - an amulet of magic regeneration
 v - an amulet of reflection
Talismans
 b - a beast talisman (active)
 c - a flux talisman
 n - a maw talisman
Wands
 x - a wand of flame (33)
Scrolls
 f - a scroll of poison {unknown}
 h - 3 scrolls of identify {unknown}
 k - a scroll of immolation {unknown}
 m - a scroll of revelation {unknown}
 p - a scroll of enchant weapon {unknown}
 q - a scroll of blinking {unknown}
 s - a scroll of teleportation {unknown}
 t - a scroll of vulnerability {unknown}
 w - a scroll of amnesia {unknown}
 z - a scroll of fog {unknown}
 A - a scroll of silence {unknown}
Potions
 a - 4 potions of lignification {!q}
 d - 4 potions of brilliance {unknown}
 g - 4 potions of heal wounds {unknown}
 o - a potion of attraction {unknown}
 u - 2 potions of curing
 B - a potion of enlightenment
 C - a potion of might


   Skills:
 + Level 3.3 Fighting
 + Level 1.5 Throwing
 + Level 3.8 Dodging
 * Level 5.8 Unarmed Combat
 + Level 1.8 Evocations
 * Level 5.3 Shapeshifting


You had 7 spell levels left.
You didn't know any spells.
Your spell library contained the following spells:

 Spells                   Type           Power      Damage    Failure   Level
 Ozocubu's Armour         Ice            0%         N/A       69%         3
 Vhi's Electric Charge    Tloc/Air       0%         N/A       97%         4
 Arcjolt                  Conj/Air       0%         1d10      100%        5
 Ozocubu's Refrigeration  Ice            0%         4d7       100%        7
 Maxwell's Capacitive Co  Air            0%         ∞         100%        8


Dungeon Overview and Level Annotations

Branches:
Dungeon (5/15)             Temple (1/1) D:4

Altars:
Ashenzari
Elyvilon
Makhleb
Nemelex Xobeh
Qazlal
Sif Muna
Vehumet
Wu Jian
Xom
Zin
Lugonu

Shops:
D:1 (   D:5 !


Innate Abilities, Weirdness & Mutations

You are a hulking beast.
Your limbs bulge with bestial killing power. (Slay +3)
You cannot wear most types of armour.
You are amphibious.
You can wear up to eight rings at the same time.
Your skin changes colour to match your surroundings (Stealth+).
Your rubbery body absorbs attacks. (AC +1, EV +1)
((You are camouflaged when in or above water. (Stealth+)))
You have tentacles for arms and can constrict up to eight enemies at once.


Message History

You tentacle-slap the scorpion.
The scorpion is severely wounded.
You constrict the scorpion.
You feel sick. The scorpion barely misses you.
You barely miss the scorpion. You squeeze the scorpion.
You kill the scorpion!
You feel sick.
No target in view!
You start resting.
You feel sick. x5
You are no longer poisoned.
You start resting.
HP restored.
There is a stone staircase leading down here.
As you open the door, it creaks loudly!
There is an open door here.
Found a stone staircase leading up.
There is an open door here.
Found a sling.
You now have 48 gold pieces (gained 6).
An ogre comes into view. It is wielding a +0 giant club.
There is an open door here.
Nothing quivered!
You throw a poisoned dart. The poisoned dart hits the ogre.
You throw a poisoned dart. The poisoned dart hits the ogre.
The ogre is poisoned.
You tentacle-slap the ogre.
The ogre is lightly wounded.
The ogre closely misses you.
You tentacle-slap the ogre. You tentacle-slap the ogre!
The ogre is heavily wounded.
You tentacle-slap the ogre.
The ogre is almost dead.
The ogre hits you with a +0 giant club!!
Ouch! That really hurt!
You are too injured to fight recklessly!
You are too injured to fight recklessly!
You closely miss the ogre.
The ogre is almost dead.
The ogre hits you with a +0 giant club!!
Ouch! That really hurt!
You die...

#.........# #.........#
#.........#
#).......[#####################
###.........'..........[.........
............#####################
............# #..........#
............#####..........######
....†>..........h..........##....
......#'#########O...............
......#.# #.(..............
......#.# #..(.........###.
......#.# #............# #.
......#.# #............###.
.#......# #..........#.....
........#########..........####..
........'...##.............# #..


You could see an ogre (poisoned).

Vanquished Creatures
  Menkaure (D:4)
  A water moccasin (D:5)
  A phantom (D:4)
  3 scorpions
  3 howler monkeys (D:5)
  A jelly (D:5)
  Ijyb (D:4)
  Jessica (D:3)
  Terence (D:2)
  An iguana (D:5)
  4 gnolls (D:2)
  5 adders
  A worm (D:2)
  2 dart slugs
  7 orcs
  6 endoplasms
  3 giant cockroaches
  6 goblins
  6 hobgoblins
  14 jackals
  2 quokkas
  6 ball pythons (D:1)
  6 bats
  A frilled lizard (D:2)
  5 kobolds
  3 rats (D:2)
91 creatures vanquished.

Notes
Turn   | Place    | Note
-------+----------+-------------------------------------------
     0 | D:1      | mopl the Octopode Shapeshifter began the quest for the Orb.
     0 | D:1      | Reached XP level 1. HP: 13/13 MP: 1/1
   107 | D:1      | Reached XP level 2. HP: 18/18 MP: 2/2
   158 | D:1      | Found Goubuh's Weapon Boutique.
   374 | D:1      | Reached XP level 3. HP: 22/23 MP: 3/3
   612 | D:2      | Noticed Terence
   623 | D:2      | Killed Terence
   624 | D:2      | Reached XP level 4. HP: 14/28 MP: 4/4
   755 | D:2      | Reached skill level 4 in Unarmed Combat
   799 | D:2      | Reached XP level 5. HP: 33/34 MP: 5/5
   810 | D:2      | Reached skill level 2 in Fighting
   978 | D:2      | Reached skill level 4 in Shapeshifting
  1551 | D:3      | Noticed Jessica
  1559 | D:3      | Killed Jessica
  2006 | D:4      | Noticed Ijyb
  2015 | D:4      | Killed Ijyb
  2016 | D:4      | Reached skill level 3 in Dodging
  2016 | D:4      | Reached XP level 6. HP: 19/39 MP: 6/6
  2071 | D:4      | Found a staircase to the Ecumenical Temple.
  2079 | Temple   | Entered the Ecumenical Temple
  2116 | D:4      | Reached skill level 5 in Unarmed Combat
  2144 | D:4      | Reached XP level 7. HP: 45/45 MP: 7/7
  2243 | D:4      | Noticed Menkaure
  2249 | D:4      | Killed Menkaure
  2322 | D:5      | Entered Level 5 of the Dungeon
  2345 | D:5      | Reached skill level 1 in Evocations
  2345 | D:5      | Reached skill level 5 in Shapeshifting
  2348 | D:5      | Reached skill level 3 in Fighting
  2372 | D:5      | Reached skill level 1 in Throwing
  2427 | D:5      | Found Poxtuysh's Distillery.
  2440 | D:5      | Found a radiant altar of Vehumet.
  2447 | D:5      | Reached XP level 8. HP: 47/52 MP: 8/8
  2469 | D:5      | Bought a potion of curing for 39 gold pieces
  2469 | D:5      | Bought a potion of enlightenment for 65 gold pieces
  2469 | D:5      | Bought a potion of might for 52 gold pieces
  2655 | D:5      | Mangled by an ogre

Illustrated notes

Levels and vault maps discovered:
D:1:      eino_arrival_cavern_e, layout_rooms, serial_shops,
          nicolae_shop_just_a_little_nook
D:2:      minmay_spotlight, layout_basic, chequers_mini_garden, uniq_terence
D:3:      layout_loops_corners, amethyst_killhole, chequers_arboretum,
          uniq_jessica
D:4:      old_forge, layout_loops_cross, overflow_temple_1_default,
          kennysheep_mini, minmay_temple_entry_mist,
          ebering_ghost_disaster_area, nicolae_figureground_sparkle,
          uniq_duvessa, uniq_menkaure, uniq_ijyb
D:5:      layout_basic, vehumet_altar_wand_db, kennysheep_mini_moat,
          serial_shops, shop
Temple:   corrupted_temple

Skill      XL: |  1  2  3  4  5  6  7 |
---------------+----------------------+-----
Unarmed Combat | 4 5 |  5.8
Fighting       | 2 3 |  3.3
Shapeshifting  | 4 5 |  5.3
Dodging        | 3 |  3.8
Evocations     | 1 |  1.8
Throwing       | 1 |  1.5

Action                     |  1- 3 |  4- 6 |  7- 9 || total
---------------------------+-------+-------+-------++-------
  Melee: Unarmed           |    57 |   124 |    33 ||   214
         Constrict         |    13 |    30 |     8 ||    51
         Tentacles         |     8 |    30 |    13 ||    51
         Punch             |       |     4 |     1 ||     5
  Throw: Dart              |       |       |     2 ||     2
  Evoke: Wand              |       |       |     3 ||     3
   Stab: Sleeping          |     4 |     6 |     1 ||    11
 Armour: Skin              |    23 |    53 |    15 ||    91
  Dodge: Dodged            |    36 |    69 |    13 ||   118

Table legend: (Time is in decaauts)
 A = Elapsed time spent in this place.
 B = Non-inter-level travel time spent in this place.
 C = Inter-level travel time spent in this place.
 D = Time resting spent in this place.
 E = Time spent auto-exploring this place.
 F = Levels seen in this place.
 G = Mean time per level.
                   A        B        C        D        E       F      G
               +--------+--------+--------+--------+--------+-----+--------+
         Total |   2644 |   2543 |    101 |     29 |   1946 |   6 |  440.7 |
       Dungeon |   2642 |   2541 |    101 |     29 |   1946 |   5 |  528.4 |
        Temple |      1 |      1 |      0 |      0 |      0 |   1 |    1.0 |
               +--------+--------+--------+--------+--------+-----+--------+

Top non-repeatable levels by time:
     D:3: 926 daAuts
     D:1: 569 daAuts
     D:2: 505 daAuts
     D:5: 329 daAuts
     D:4: 311 daAuts
  Temple: 1 daAuts
